 Dungeon Crawl Stone Soup version 0.28.0 (webtiles) character file.

Game seed: 3088128843965021397

507 Tommers the Chiller (level 6, -4/35 HPs)
             Began as a Deep Elf Ice Elementalist on Feb 15, 2022.
             Shot with an arrow by a centaur (14 damage)
             ... on level 6 of the Dungeon.
             The game lasted 00:21:40 (5072 turns).

Tommers the Chiller (Deep Elf Ice Elementalist)     Turns: 5072, Time: 00:21:40

Health: -4/35      AC:  2    Str:  5    XL:     6   Next: 97%
Magic:  18/25      EV: 13    Int: 25    God:
Gold:   151        SH:  0    Dex: 15    Spells: 4/15 levels left

rFire   . . .      SeeInvis .   s - +11 short sword of Fear {drain, rElec rPois Int+3}
rCold   . . .      Faith    .   (no shield)
rNeg    . . .      Spirit   .   a - +0 robe
rPois   +          Reflect  .   (no helmet)
rElec   +          Harm     .   (no cloak)
rCorr   .          Rampage  .   (no gloves)
Will    .....                   (no boots)
Stlth   ++........              (no amulet)
HPRegen 0.11/turn               d - ring of magical power
MPRegen 0.19/turn               g - ring of flight

@: brilliant, freezing walls, flying
A: no striking features
a: no special abilities


You were on level 6 of the Dungeon.
You visited 1 branch of the dungeon, and saw 6 of its levels.

You collected 311 gold pieces.
You spent 160 gold pieces at shops.

Inventory:

Hand Weapons
 e - a +0 club
 h - a +0 short sword
 i - a +0 dagger of venom
 l - a +2 vampiric hand axe
 s - the +11 short sword of Fear (weapon) {drain, rElec rPois Int+3}
   (You bought it in a shop on level 1 of the Dungeon)

   A truly terrible weapon, it drains the life of any living foe it strikes.
   Int:       It affects your intelligence (+3).
   rElec:     It insulates you from electricity.
   rPois:     It protects you from poison.
 u - the +4 spear "Kustraze" {spect, rN+ Dex+4}
   (You found it on level 4 of the Dungeon)

   When its wielder attacks, the weapon's spirit leaps out and strikes again.
   The spirit shares a part of any damage it takes with its wielder.
   Dex:       It affects your dexterity (+4).
   rN:        It protects you from negative energy.
Armour
 a - a +0 robe (worn)
Jewellery
 d - a ring of magical power (left hand)
 g - a ring of flight (right hand)
Wands
 q - a wand of charming (8)
 v - a wand of flame (5)
 x - a wand of iceblast (4)
Scrolls
 b - 2 scrolls of teleportation
 k - 2 scrolls of holy word
 n - 3 scrolls of enchant weapon
 p - a scroll of fog
 r - a scroll of brand weapon
 t - a scroll of fear {unknown}
Potions
 c - a potion of resistance {unknown}
 j - 2 potions of curing {unknown}
 m - a potion of brilliance
 w - a potion of attraction {unknown}
 z - a potion of heal wounds {unknown}


   Skills:
 + Level 2.1 Fighting
 + Level 1.4 Short Blades
 + Level 3.8 Dodging
 - Level 2.4 Stealth
 + Level 5.4 Spellcasting
 + Level 2.4 Conjurations
 + Level 6.0 Ice Magic
 + Level 1.5 Evocations


You had 4 spell levels left.
You knew the following spells:

 Your Spells              Type           Power      Damage    Failure   Level
a - Freeze                Ice            100%       1d11      1%          1
b - Frozen Ramparts       Ice            100%       1d12      1%          3
c - Ozocubu's Armour      Ice            53%        N/A       1%          3
d - Hailstorm             Conj/Ice       41%        3d10      14%         4

Your spell library contained the following spells:

 Spells                   Type           Power      Damage    Failure   Level
 Mephitic Cloud           Conj/Pois/Air  16%        N/A       17%         3
 Ignite Poison            Fire/Tmut/Pois 10%        N/A       24%         3
 Freezing Cloud           Conj/Ice/Air   15%        6-21      56%         5


Dungeon Overview and Level Annotations

Branches:
Dungeon (6/15)
 Temple: D:4-7

Altars:
Kikubaaqudgha
Wu Jian
Yredelemnul

Shops:
D:1 (

Annotations:
D:6 1 transporter, Angani's ghost, weakling DrDe


Message History

Press: ? - help, Dir - look around, f - activate
Okay, then.
Unknown command.
Casting: Frozen Ramparts (safe; 1% risk of failure)
Confirm with . or Enter, or press ? or * to list all spells.
The spell is quite dangerous to miscast (14% risk of failure)!
Continue anyway?
Casting: Hailstorm (quite dangerous; 14% risk of failure)
Press: ? - help, Dir - look around, f - activate A cannonade of hail descends around you!
The hail pelts the iguana!!
You kill the iguana!
The iguana's corpse dissolves into shadows!
The hail pelts the centaur!
The centaur is heavily wounded.
The centaur shoots an arrow.
The arrow barely misses you.
The centaur shoots an arrow.
The arrow completely misses you.
Casting: Hailstorm (quite dangerous; 14% risk of failure)
Confirm with . or Enter, or press ? or * to list all spells.
Okay, then.
Found the ring "Yduim" {Dex+6}.
Angani's ghost turns its malevolent gaze towards you.
The centaur shoots an arrow.
The arrow closely misses you.
Casting: Hailstorm (quite dangerous; 14% risk of failure)
Confirm with . or Enter, or press ? or * to list all spells.
Casting: Frozen Ramparts (safe; 1% risk of failure)
Press: ? - help, Dir - look around, f - activate The walls around you are covered in ice.
The quasit gives a chilling moan.
The wall freezes the centaur.
The centaur shoots an arrow.
The arrow hits you!
* * * LOW HITPOINT WARNING * * *
The water moccasin zombie resists.
The wall freezes the water moccasin zombie.
The wall freezes the centaur.
The centaur shoots an arrow.
The arrow misses you.
It was a potion of brilliance.
You feel clever all of a sudden.
The water moccasin zombie resists.
The wall freezes the water moccasin zombie.
The wall freezes the centaur.
The centaur shoots an arrow.
The arrow hits you!
You die...

.......<..# ##
.........# #.
........# # ####.
##......$##.#
.....##...(..#..#5#
##..............©#W5
#. ##....$......#5.
#.###...........##
#.<.........@.Z.#
#####.........#.#
#.........c.#
#......[.....#
##.......##....
.....>..........
#.......... ....
#.......### #...


You could see a centaur, 3 quasits, Angani's ghost and a water moccasin zombie
(summoned).

Vanquished Creatures
  An ogre (D:5)
  A phantom (D:5)
  A jelly (D:5)
  3 iguanas
  Natasha (thrice) (D:4)
  A hound zombie (D:5)
  A hound skeleton (D:2)
  A howler monkey skeleton (D:4)
  6 adders
  A white imp (D:5)
  A worm (D:2)
  6 orcs (D:3)
  2 bats
  A bat skeleton (D:2)
  4 endoplasms
  7 hobgoblins
  9 jackals
  3 quokkas
  2 ball pythons
  2 ball python skeletons (D:2)
  4 frilled lizards
  2 giant cockroach zombies (D:2)
  3 goblins
  4 kobolds
  4 rats
73 creatures vanquished.

Vanquished Creatures (others)
  3 withered plants (D:2)
3 creatures vanquished.

Grand Total: 76 creatures vanquished

Notes
Turn   | Place    | Note
-------+----------+-------------------------------------------
     0 | D:1      | Tommers the Deep Elf Ice Elementalist began the quest for
                  | the Orb.
     0 | D:1      | Reached XP level 1. HP: 10/10 MP: 6/6
   422 | D:1      | Reached XP level 2. HP: 12/16 MP: 5/8
   732 | D:1      | Found a faded altar of an unknown god.
  1248 | D:1      | Found Wajoagey's Antique Weapon Shoppe.
  1344 | D:2      | Reached skill level 5 in Ice Magic
  1344 | D:2      | Reached XP level 3. HP: 18/20 MP: 5/10
  1348 | D:2      | Learned a level 3 spell: Frozen Ramparts
  1352 | D:2      | Learned a level 3 spell: Ozocubu's Armour
  2502 | D:2      | Reached XP level 4. HP: 21/24 MP: 12/12
  2507 | D:2      | Learned a level 4 spell: Hailstorm
  2734 | D:3      | Found a basalt altar of Yredelemnul.
  2775 | D:3      | Reached skill level 1 in Fighting
  2942 | D:3      | Found an ancient bone altar of Kikubaaqudgha.
  3325 | D:3      | Found an ornate altar of the Wu Jian Council.
  3674 | D:4      | Noticed Natasha
  3684 | D:4      | Killed Natasha
  3685 | D:4      | Reached skill level 1 in Conjurations
  3685 | D:4      | Reached XP level 5. HP: 29/29 MP: 13/13
  3761 | D:4      | Noticed Natasha
  3769 | D:4      | Killed Natasha
  3926 | D:1      | Bought an ichor-stained short sword for 160 gold pieces
  3926 | D:1      | Identified the +11 short sword of Fear {drain, rElec rPois
                  | Int+3} (You bought it in a shop on level 1 of the Dungeon)
  4113 | D:4      | Identified the +4 spear "Kustraze" {spect, rN+ Dex+4}
  4215 | D:4      | Noticed Natasha
  4221 | D:4      | Killed Natasha
  4488 | D:5      | Entered Level 5 of the Dungeon
  4491 | D:5      | Reached skill level 5 in Spellcasting
  4491 | D:5      | Reached XP level 6. HP: 35/35 MP: 15/15
  4615 | D:5      | Reached skill level 1 in Short Blades
  4615 | D:5      | Reached skill level 1 in Evocations
  4998 | D:5      | Reached skill level 6 in Ice Magic
  5066 | D:6      | Found a transporter.
  5070 | D:6      | Noticed Angani's ghost (weakling DrDe)
  5072 | D:6      | Shot with an arrow by a centaur

Illustrated notes

Levels and vault maps discovered:
D:1:      dpeg_arrival_renting, layout_loops_ring,
          dreamdust_ecumenical_altar_statues, serial_shops,
          nicolae_shop_window_shopping, minivault_11
D:2:      layout_loops_ring, serial_undead, serial_undead_b, serial_undead_e,
          serial_undead_b, serial_undead_b, serial_undead_f, serial_undead_a
D:3:      layout_rooms, nicolae_wu_jian_glorious_leap, kiku_gazebo_pond_becter,
          mainiacjoe_overflow_cross_hatched, chequers_serial_rivers_large_a
D:4:      layout_cave_pools, grunt_ministairs_3, uniq_natasha
D:5:      layout_rooms
D:6:      layout_rooms, minmay_temple_entry_proselytizer,
          gammafunk_ghost_stat_death, kennysheep_flooded_box, st_stairs_12,
          minmay_puff

Skill      XL: |  1  2  3  4  5  6 |
---------------+-------------------+-----
Ice Magic      | 5 6 |  6.0
Spellcasting   | 4 5 |  5.4
Fighting       | 1 2 |  2.1
Conjurations   | 1 2 |  2.4
Dodging        | 3 |  3.8
Short Blades   | 1 |  1.4
Evocations     | 1 |  1.5
Stealth        | |  2.4

Action                   |  1- 3 |  4- 6 || total
-------------------------+-------+-------++-------
Melee: Club              |    17 |       ||    17
       Dagger            |    24 |     6 ||    30
       Short sword       |    14 |    16 ||    30
       Punch             |     3 |       ||     3
       Hand axe          |       |    32 ||    32
 Cast: Freeze            |    42 |     2 ||    44
       Frozen Ramparts   |     2 |    15 ||    17
       Ozocubu's Armour  |     1 |     1 ||     2
       Hailstorm         |       |     2 ||     2
Evoke: Wand              |       |     6 ||     6
  Use: Scroll            |     1 |     5 ||     6
       Potion            |       |     1 ||     1
 Stab: Sleeping          |     3 |     5 ||     8
Armor: Robe              |    16 |     4 ||    20
Dodge: Dodged            |    59 |    37 ||    96
